Unix NetHack Version 3.7.0-97 Work-in-progress - last build Jan 15 2024 16:18:24 (bf5c21b99e62e8a7a5668a06ec9a5d408df58fe5,branch:master). Game began 2024-01-16 20:38:07, ended 2024-01-18 20:43:05. spontiff, neutral male gnomish Healer ----- ..<..-- .......| ........-- -........| -....d..-- ...as@.| ..:@..- ....... .0... .. G Spontiff the Rhizotomist St:18 Dx:10 Co:14 In:8 Wi:13 Ch:17 Neutral S:350 Dlvl:7 $:0 HP:0(21) Pw:1(1) AC:-2 Xp:1/0 T:3222 Satiated Latest messages: What do you want to use or apply? [fkostxSTX or ?*] x Your lamp is now on. The giant spider misses! You miss the giant spider. The giant spider bites! The giant spider bites! The large dog bites the giant spider. The giant spider bites the large dog. The large dog bites the giant spider. The giant spider misses the large dog. The large dog bites the giant spider. The large dog bites the giant spider. The giant spider bites the large dog. The large dog bites the giant ant. The giant ant misses the large dog. The giant spider bites! The large dog misses the giant ant. The large dog bites the giant ant. The giant ant bites the large dog. The giant ant misses! The giant ant bites! The wererat changes into a human. The large dog bites the giant ant. The giant ant is killed! The giant ant bites! The large dog misses the giant spider. The giant ant bites! The large dog eats a giant ant corpse. The giant ant misses! The giant ant bites! You descend the stairs. What do you want to use or apply? [fkostxSTX or ?*] x Your lamp is now off. You see here a violet gem. e - a violet gem. What do you want to call? [d-foxLRT or ?*] e Call a violet gem: v1 The giant bat bites! The giant bat bites! You climb up the stairs. You hear some noises. The giant spider misses! The giant ant bites! The giant spider bites! Are you sure you want to pray? [yn] (n) y You begin praying to Hermes. The giant spider bites! You die... Do you want your possessions identified? [ynq] (y) y Do you want to see the dungeon overview? [ynq] (y) q Inventory: Armor h - an uncursed +1 orcish helm (being worn) g - an uncursed +1 pair of leather gloves (being worn) L - a blessed +1 pair of high boots v - an uncursed +0 pair of low boots (being worn) r - an uncursed +0 small shield (being worn) q - an uncursed +0 elven cloak (being worn) Comestibles y - an uncursed apple n - 2 uncursed food rations p - an uncursed tripe ration V - an uncursed tin of spinach Potions c - a blessed potion of healing Wands S - an uncursed wand of sleep (0:6) T - an uncursed wand of teleportation (0:1) Tools f - an uncursed sack containing 25 items X - an uncursed brass lantern k - an uncursed lock pick x - an uncursed oil lamp s - an uncursed stethoscope o - an uncursed tin whistle t - an uncursed towel Gems/Stones R - 2 uncursed worthless pieces of orange glass e - an uncursed worthless piece of violet glass d - an uncursed worthless piece of yellow glass Contents of the sack: 27 gold pieces an uncursed +0 dart an uncursed +0 pair of leather gloves 4 uncursed food rations 2 uncursed tripe rations an uncursed scroll of enchant armor a blessed scroll of identify 2 uncursed scrolls of identify an uncursed potion of object detection an uncursed potion of water a potion of unholy water an uncursed wand of cancellation (0:5) an uncursed wand of fire (0:8) a blessed wand of locking (0:4) an uncursed wand of opening (0:4) an uncursed wand of slow monster (0:8) an uncursed wand of teleportation (0:7) an uncursed wand of undead turning (0:8) an uncursed brass lantern a cursed brass lantern an uncursed agate stone 2 cursed jet stones an uncursed worthless piece of green glass an uncursed worthless piece of red glass an uncursed worthless piece of yellow glass Spontiff the Healer's attributes: Background: You were a Rhizotomist, a level 1 male gnomish Healer. You were neutral, on a mission for Hermes who was opposed by Athena (lawful) and Poseidon (chaotic). You were left-handed. You were in the Gnomish Mines, on level 7. You entered the dungeon 3222 turns ago. You had 0 experience points, 20 were needed to attain level 2. Your score was 350 before end-of-game adjustments. Basics: You had 0 out of 21 hit points. You had 1 out of 1 energy points (spell power). Your armor class was -2. Your wallet was empty, but you had 27 zorkmids stashed away in your pack. Autopickup was on for '$!/="?' plus thrown, with exceptions. Final Characteristics: Your strength was 18 (limit:18/50). Your dexterity was 10 (limit:18). Your constitution was 14 (limit:18). Your intelligence was 8 (limit:19). Your wisdom was 13 (limit:18). Your charisma was 17 (limit:18). Final Status: You were satiated. You were unencumbered. You were empty handed. You were unskilled in bare handed combat. Final Attributes: You were fervently aligned. You were poison resistant. You had infravision. You were stealthy. You had a small defense bonus (+5). You were warded. You are dead. Miscellaneous: You never encountered a bones level. Total elapsed playing time was 1 hour, 59 minutes and 55 seconds. Major events: Turn 1: spontiff the neutral male gnomish Healer entered the dungeon 768: entered the Gnomish Mines 1835: reached Mine Town 3222: killed by a giant spider, while praying Vanquished creatures: a small mimic 3 watchmen a water nymph a shrieker a giant ant 3 dwarves a homunculus a rothe 2 giant bats an iguana an acid blob 6 coyotes a gas spore 2 hobbits 2 manes 2 hobgoblins a giant rat a cave spider 2 brown molds a yellow mold a green mold 5 gnomes a garter snake 2 gnome zombies 6 geckos 4 jackals 3 foxes a kobold 4 goblins 7 sewer rats 2 grid bugs a bat 3 lichens 2 kobold zombies 12 newts 88 creatures vanquished. No species were genocided or became extinct. Voluntary challenges: You never hit with a wielded weapon. You were a pacifist. You were illiterate. You never engraved Elbereth. You never genocided any monsters. You never polymorphed an object. You never changed form. You used no wishes. Achievements: You entered the Gnomish Mines. You entered a shop. You entered Minetown. You entered a temple. The Dungeons of Doom: levels 1 to 3 Level 1: Level 2: "Stashlet" A wand shop. Stairs down to The Gnomish Mines. Level 3: The Gnomish Mines: levels 3 to 8 Level 3: "magic trap" Level 4: Level 5: Many shops, a temple and an altar, some fountains. Level 6: Level 7: <- You were here. Final resting place for you, killed by a giant spider, while praying. Level 8: Game over: ---------- / \ / REST \ / IN \ / PEACE \ / \ | spontiff | | 27 Au | | killed by a | | giant spider | | | | | | 2024 | *| * * * | * _________)/\\_//(\/(/\)/\//\/|_)_______ Goodbye spontiff the Healer... You died in The Gnomish Mines on dungeon level 7 with 350 points, and 27 pieces of gold, after 3222 moves. You were level 1 with a maximum of 21 hit points when you died.